 Dungeon Crawl Stone Soup version 0.31.0-7-gf635a9b802 (webtiles) character file.

Game seed: 11641851077132059277

2683 Esekla the Grave Robber (level 9, -4/49 HPs)
             Began as a Tengu Necromancer on Jan 23, 2024.
             Was a Follower of Vehumet.
             Slain by a cyclops (18 damage)
             ... on level 6 of the Dungeon.
             The game lasted 00:47:27 (6616 turns).

Esekla the Grave Robber (Tengu Necromancer)         Turns: 6616, Time: 00:47:27

Health: -4/49      AC:  4    Str: 14    XL:     9   Next: 64%
Magic:  14/26      EV: 18    Int: 19    God:    Vehumet [*.....]
Gold:   218        SH:  5    Dex: 16    Spells: 13/17 levels left

rFire   . . .        a - +7 war axe of the Lumpy Places {drain, MP+9}
rCold   . . .        m - +0 buckler
rNeg    . . .        u - +1 robe
rPois   .            (helmet restricted)
rElec   .            (no cloak)
rCorr   .            e - +0 pair of gloves
SInv    .            (boots unavailable)
Will    .....        (no amulet)
Stlth   +++          J - +6 ring of strength
HPRegen 0.28/turn    (no ring)
MPRegen 0.20/turn

%: acrobat
@: flying, studying Maces & Flails
A: beak, talons 3, evasive flight, acrobatic
a: Renounce Religion


You were on level 6 of the Dungeon.
You worshipped Vehumet.
Vehumet was aware of your devotion.
You visited 2 branches of the dungeon, and saw 7 of its levels.
You also visited: Ossuary.

You collected 218 gold pieces.

Inventory:

Hand Weapons
 a - the +7 war axe of the Lumpy Places (weapon) {drain, MP+9}
   (You found it on level 3 of the Dungeon)

   MP+9:      It affects your magic capacity (+9).
 c - a +5 long sword
 r - a +3 spear
 s - a +0 dagger
Missiles
 h - 2 boomerangs
 G - 5 javelins
 H - 17 poisoned darts (quivered)
Armour
 e - a +0 pair of gloves (worn)
 m - a +0 buckler (worn)
 u - a +1 robe (worn)
 B - a +0 kite shield
Magical Staves
 E - a staff of conjuration
Jewellery
 J - a +6 ring of strength (left hand)
Wands
 y - a wand of iceblast (8)
 D - a wand of mindburst (4)
Scrolls
 f - 3 scrolls of vulnerability {unknown}
 i - a scroll of silence
 j - 2 scrolls of enchant armour
 k - a scroll of teleportation
 n - a scroll of fear {unknown}
 t - 5 scrolls of blinking {unknown}
 C - a scroll of summoning {unknown}
 F - 2 scrolls of amnesia {unknown}
Potions
 b - 2 potions of magic
 d - 3 potions of enlightenment {unknown}
 g - 3 potions of might {unknown}
 l - a potion of experience {unknown}
 o - 4 potions of heal wounds {unknown}
 p - 4 potions of curing
 q - 2 potions of haste
 v - 4 potions of lignification {unknown}
 w - a potion of cancellation {unknown}
 x - 2 potions of brilliance
 A - a potion of resistance {unknown}


   Skills:
 + Level 2.5 Fighting
 + Level 0.5(0.6) Short Blades
 + Level 0.2(0.4) Long Blades
 + Level 6.7 Axes
 + Level 0.8 Throwing
 * Level 5.6 Dodging
 + Level 4.2 Stealth
 + Level 4.0 Shields
 * Level 4.7 Spellcasting
 * Level 2.4 Conjurations
 * Level 7.1 Necromancy
 * Level 1.4 Ice Magic
 * Level 2.5 Air Magic


You had 13 spell levels left.
You knew the following spells:

 Your Spells              Type           Power      Damage    Failure   Level
a - Necrotise             Necr           100%       1d9       1%          1
d - Vampiric Draining     Necr           31%        2d8       2%          3

Your spell library contained the following spells:

 Spells                   Type           Power      Damage    Failure   Level
 Freeze                   Ice            36%        1d5       10%         1
 Cigotuvi's Dreadful Rot  Necr/Alch/Air  32%        N/A       7%          2
 Animate Dead             Necr           31%        N/A       9%          4
 Jinxbite                 Hex            8%         N/A       26%         2
 Lesser Beckoning         Tloc           8%         N/A       26%         2
 Curse of Agony           Necr           31%        N/A       26%         5
 Dazzling Flash           Conj/Hex       18%        N/A       30%         3
 Gell's Gravitas          Tloc           4%         N/A       45%         3
 Teleport Other           Tloc           4%         N/A       45%         3
 Volatile Blastmotes      Fire/Tloc      8%         2d10      45%         3
 Vhi's Electric Charge    Tloc/Air       18%        N/A       69%         4
 Ignite Poison            Fire/Alch      4%         N/A       86%         4
 Arcjolt                  Conj/Air       6%         1d16      86%         5
 Freezing Cloud           Conj/Ice/Air   6%         6-21      89%         5
 Yara's Violent Unravell  Hex/Alch       2%         3d3       99%         5
 Plasma Beam              Fire/Air       4%         2x1d14    100%        6
 Starburst                Conj/Fire      4%         6d4       100%        6
 Enfeeble                 Hex            2%         N/A       100%        7
 Maxwell's Capacitive Co  Air            7%         ∞         100%        8


Dungeon Overview and Level Annotations

Branches:
Dungeon (6/15)             Temple (1/1) D:5         Ossuary (visited)

Altars:
Ashenzari
Cheibriados
Dithmenos
Elyvilon
Fedhas
Gozag
Hepliaklqana
Kikubaaqudgha
Makhleb
Nemelex Xobeh
Okawaru
Qazlal
Ru
Sif Muna
Trog
Uskayaw
Vehumet
Wu Jian
Xom
Yredelemnul
Zin
The Shining One


Innate Abilities, Weirdness & Mutations

You have a beak for a mouth.
You have claws for feet.
Your magical flight helps you evade attacks. (EV +4)
You can magically evade attacks while moving or waiting.


Message History

* * * LOW HITPOINT WARNING * * *
It was a potion of curing.
You feel better.
Your surroundings suddenly seem different.
Found a scale mail.
You start resting.
A cyclops is nearby!
The cyclops shouts!
The cyclops throws a large rock.
The large rock barely misses you.
You start resting.
A cyclops is nearby!
Casting: Vampiric Draining (dangerous; 2% risk of failure)
Confirm with . or Enter, or press ? or * to list all spells.
Aiming: Vampiric Draining (dangerous; 2% risk of failure)
Press: ? - help, Shift-Dir - straight line, f - cyclops
Aim: a cyclops, quivering large rocks You draw life force from the cyclops!
You feel life coursing into your body. The cyclops hits you.
Casting: Vampiric Draining (dangerous; 2% risk of failure)
Confirm with . or Enter, or press ? or * to list all spells.
Aiming: Vampiric Draining (dangerous; 2% risk of failure)
Press: ? - help, Shift-Dir - straight line, f/p - cyclops
Aim: a cyclops, quivering large rocks (lightly wounded)
You draw life force from the cyclops!
You feel life coursing into your body. The cyclops hits you!!
Ouch! That really hurt!
* * * LOW HITPOINT WARNING * * *
Casting: Vampiric Draining (dangerous; 2% risk of failure)
Confirm with . or Enter, or press ? or * to list all spells.
Aiming: Vampiric Draining (dangerous; 2% risk of failure)
Press: ? - help, Shift-Dir - straight line, f/p - cyclops
Aim: a cyclops, quivering large rocks (moderately wounded)
You draw life force from the cyclops!
You feel life coursing into your body.
Casting: Vampiric Draining (dangerous; 2% risk of failure)
Confirm with . or Enter, or press ? or * to list all spells.
Aiming: Vampiric Draining (dangerous; 2% risk of failure)
Press: ? - help, Shift-Dir - straight line, f/p - cyclops
Aim: a cyclops, quivering large rocks (heavily wounded)
You draw life force from the cyclops!
You feel life coursing into your body. The cyclops hits you!!
You die...

.[C +......#.#.#...
#.# #...#..........
#W# #...##.#.#.#...
#.# #...##.........
#.#...........#####
#.#................
#.#.#...###.#......
#C###...# #.#...(..
#.@...# #.#......
#####.# #+#...... #
........ .......#
.....### ....##..
#.#.... ##......
.......8


You could see a cyclops and a shadow.

Vanquished Creatures
  Grinder (D:6)
  A shadow (D:6)
  A wraith (D:6)
  Eustachio (D:6)
  An acid dragon (D:6)
  An orc warrior (D:5)
  A sky beast (D:6)
  An ogre (D:6)
  A kobold brigand (D:6)
  Blork the orc (D:5)
  6 scorpions
  3 wights (Ossuary)
  A howler monkey (D:4)
  2 jellies (D:5)
  3 bombardier beetles
  6 hounds
  4 spectral scorpions (Ossuary)
  2 sleepcaps (D:5)
  2 centaur skeletons (Ossuary)
  6 iguanas
  2 orc wizards
  A crocodile zombie (Ossuary)
  5 mummies (Ossuary)
  3 gnolls (D:6)
  9 adders
  A shadow imp (D:5)
  2 ufetubi (D:6)
  2 dart slugs
  3 ribbon worms
  9 orcs
  6 ball pythons
  10 endoplasms
  4 giant cockroaches
  6 goblins
  6 hobgoblins
  8 jackals
  5 kobolds
  6 quokkas
  2 bats (D:1)
  2 frilled lizards (D:2)
  2 gnoll skeletons (Ossuary)
  2 kobold skeletons (Ossuary)
  2 orc skeletons (Ossuary)
  6 rats
  7 spectral rats (Ossuary)
156 creatures vanquished.

Notes
Turn   | Place    | Note
-------+----------+-------------------------------------------
     0 | D:1      | Esekla the Tengu Necromancer began the quest for the Orb.
     0 | D:1      | Reached XP level 1. HP: 10/10 MP: 4/4
   201 | D:1      | Reached XP level 2. HP: 15/15 MP: 6/6
   419 | D:2      | Reached XP level 3. HP: 19/19 MP: 7/7
   423 | D:2      | Learned a level 3 spell: Vampiric Draining
   524 | D:2      | Reached skill level 5 in Necromancy
   763 | D:2      | You fall into a shaft and drop 1 floor!
   826 | D:2      | Found an iron altar of Okawaru.
   962 | D:3      | Reached XP level 4. HP: 19/24 MP: 8/8
  1098 | D:3      | Identified the +7 war axe of the Lumpy Places {drain, MP+9}
  1996 | D:4      | Reached skill level 1 in Axes
  2043 | D:4      | Found a burning altar of Makhleb.
  2081 | D:5      | Entered Level 5 of the Dungeon
  2105 | D:5      | Reached XP level 5. HP: 25/28 MP: 9/9
  2137 | D:5      | Noticed Blork the orc
  2145 | D:5      | Killed Blork the orc
  2146 | D:5      | Reached skill level 1 in Shields
  2274 | D:5      | Reached XP level 6. HP: 28/33 MP: 10/11
  2406 | D:5      | Found a sand-covered staircase.
  2411 | Ossuary  | Entered an ossuary
  2430 | Ossuary  | Reached skill level 1 in Fighting
  2513 | Ossuary  | Gained mutation: Your magical flight helps you evade
                  | attacks. (EV +4) [Tengu growth]
  2513 | Ossuary  | Reached XP level 7. HP: 34/37 MP: 12/12
  3172 | Ossuary  | Reached skill level 6 in Necromancy
  3466 | D:5      | Reached XP level 8. HP: 42/43 MP: 14/14
  3486 | D:5      | Found a staircase to the Ecumenical Temple.
  3491 | Temple   | Entered the Ecumenical Temple
  3507 | Temple   | Became a worshipper of Vehumet
  4130 | D:3      | Found a faded altar of an unknown god.
  4686 | D:4      | Reached skill level 5 in Axes
  5118 | D:5      | Reached * piety under Vehumet
  5118 | D:5      | Offered knowledge of Freeze by Vehumet.
  5238 | D:6      | Reached skill level 5 in Dodging
  5368 | D:6      | Noticed Eustachio
  5408 | D:6      | Killed Eustachio
  5409 | D:6      | Reached XP level 9. HP: 37/48 MP: 16/16
  5610 | D:6      | Reached skill level 1 in Conjurations
  5918 | D:6      | Reached skill level 1 in Air Magic
  5979 | D:6      | Noticed a cyclops
  5979 | D:6      | Noticed Grinder
  5980 | D:6      | Paralysed by Grinder for 2 turns
  6071 | D:6      | Reached skill level 7 in Necromancy
  6071 | D:6      | Reached skill level 1 in Ice Magic
  6539 | D:6      | Killed Grinder
  6616 | D:6      | Slain by a cyclops

Illustrated notes

Levels and vault maps discovered:
D:1:      roderic_crop_circles_arrival_small, layout_basic, wad_floor_pattern_1,
          minmay_ruptured
D:2:      layout_basic, basic_altar, corexii_corridor_pit
D:3:      layout_loops_corners, ebering_ecumenical_altar_abandoned
D:4:      layout_loops_ring, lightli_temple_of_fire, serial_bayou,
          serial_bayou_lake_a, serial_bayou_pond_a, serial_bayou_lagoon_a,
          serial_bayou_pond_e, serial_bayou_pond_b, serial_bayou_pond_d,
          chequers_serial_rivers_micro_b
D:5:      nicolae_BIG_FREAKIN_CUBE, layout_basic, minmay_temple_entry_wispy,
          enter_ossuary_2, moated_statue, uniq_blork_the_orc
D:6:      layout_basic, serial_glass, glass_columns_b, glass_columns_a,
          glass_columns_b, glass_columns_b, glass_columns_c, glass_columns_a,
          glass_columns_a, glass_columns_a, nrook_mini_backslash,
          minmay_manual_moon, uniq_grinder, uniq_eustachio
Temple:   roderic_octagonal_lattice_temple

Skill      XL: |  1  2  3  4  5  6  7  8  9 |
---------------+----------------------------+-----
Necromancy     | 5 6 7 |  7.1
Axes           | 2 3 4 6 |  6.7
Dodging        | 3 4 5 |  5.6
Shields        | 1 2 3 4 |  4.0
Spellcasting   | 3 4 |  4.7
Fighting       | 1 2 |  2.5
Stealth        | 3 4 |  4.2
Conjurations   | 2 |  2.4
Air Magic      | 2 |  2.5
Ice Magic      | 1 |  1.4
Short Blades   | |  0.5
Long Blades    | |  0.2
Throwing       | |  0.8

Action                     |  1- 3 |  4- 6 |  7- 9 || total
---------------------------+-------+-------+-------++-------
  Melee: Unarmed           |    28 |       |       ||    28
         Kick              |    24 |    13 |    61 ||    98
         Peck              |    17 |     5 |    39 ||    61
         Dagger            |    31 |     9 |     8 ||    48
         Punch             |     1 |     1 |       ||     2
         Long sword        |    30 |       |       ||    30
         War axe           |       |    53 |   214 ||   267
  Throw: Dart              |       |       |     4 ||     4
   Cast: Vampiric Draining |     2 |     5 |    12 ||    19
    Use: Scroll            |     1 |     4 |     6 ||    11
         Potion            |     1 |       |     1 ||     2
   Stab: Sleeping          |     3 |     9 |     8 ||    20
         Distracted        |       |       |     1 ||     1
 Armour: Robe              |    40 |    26 |    68 ||   134
  Dodge: Dodged            |    59 |    43 |   163 ||   265
  Block: Buckler           |       |     8 |    50 ||    58
